 Dungeon Crawl Stone Soup version 0.27-a0-808-g60bc5d92e6 (webtiles) character file.

Game seed: 11745366262181116406

427 Hasart the Magician (level 6, -1/45 HPs)
             Began as a Djinni Ice Elementalist on Mar 28, 2021.
             Slain by a mummy (10 damage)
             ... in an ossuary.
             The game lasted 00:05:24 (3423 turns).

Hasart the Magician (Djinni Ice Elementalist)       Turns: 3423, Time: 00:05:25

Health: -1/45      AC:  2    Str:  7    XL:     6   Next: 97%
Gold:   172        EV: 17    Int: 19    God:
                   SH:  0    Dex: 13

rFire    + + .     SeeInvis .   b - +0 short sword
rCold    x . .     Faith    .   (no shield)
rNeg     . . .     Spirit   .   a - +0 robe
rPois    ∞         Reflect  .   (no helmet)
rElec    .         Harm     .   e - scarf {+Inv}
rCorr    .         Rampage  .   (no gloves)
Will     .....                  (boots unavailable)
Stlth    ++........             (no amulet)
HPRegen  0.15/turn              o - +4 ring of evasion
MPRegen  0.00/turn              (no ring)

@: flying
A: fire resistance 2, cold vulnerability 1, float, innate caster, hp casting,
extra vitality 1
a: Evoke Invisibility


You were in an ossuary.
You visited 1 branch of the dungeon, and saw 5 of its levels.
You also visited: Ossuary.

You collected 172 gold pieces.

Inventory:

Hand Weapons
 b - a +0 short sword (weapon)
Armour
 a - a +0 robe (worn)
 e - a scarf of invisibility (worn)
Jewellery
 l - a ring of fire
 o - a +4 ring of evasion (left hand)
Scrolls
 f - 2 scrolls of amnesia {unknown}
 h - 3 scrolls of teleportation {unknown}
 i - a scroll of identify {unknown}
 j - a scroll of summoning {unknown}
 k - a scroll of noise {unknown}
 p - a scroll of enchant weapon {unknown}
 q - a scroll of silence {unknown}
Potions
 d - 3 potions of flight
 g - a potion of haste {unknown}
 m - 3 potions of mutation {unknown}
 n - a potion of lignification {unknown}


   Skills:
 + Level 2.8 Fighting
 + Level 4.0 Dodging
 - Level 1.5 Stealth
 * Level 5.2 Spellcasting
 + Level 2.5 Evocations


You couldn't memorise any spells.
You knew the following spells:

 Your Spells              Type           Power      Damage    Failure   Level
a - Freeze                Ice            100%       1d11      1%          1
b - Frozen Ramparts       Ice            50%        1d7       4%          3
c - Ozocubu's Armour      Ice            25%        N/A       4%          3
d - Hailstorm             Conj/Ice       25%        3d7       14%         4
e - Summon Ice Beast      Ice/Summ       25%        N/A       14%         4
f - Magic Dart            Conj           100%       1d8       1%          1
g - Passwall              Tmut/Erth      20%        N/A       2%          2
Your spell library was empty.

Dungeon Overview and Level Annotations

Branches:
Dungeon (5/15)            Ossuary (1/1)
 Temple: D:4-7

Altars:

Annotations:
D:2 Terence


Innate Abilities, Weirdness & Mutations

You are immune to poison.
Your flesh is very heat resistant. (rF++)
You are vulnerable to cold. (rC-)
You float through the air rather than walking.
You learn spells naturally, not from books.
Your magical power is your life essence.
You have superior vitality. (+4 HP)


Message History

You feel more buoyant.
Your ice beast hits the mummy.
Your ice beast freezes the mummy.
The mummy resists.
The mummy hits your ice beast. The mummy hits your ice beast!
It was a potion of curing.
You feel better.
Your ice beast hits the mummy.
Your ice beast freezes the mummy.
The mummy resists.
The mummy hits your ice beast!
Your ice beast dies!
Unknown command.
Okay, then.
Casting: Summon Ice Beast (quite dangerous; 14% risk of failure)
Confirm with . or Enter, or press ? or * to list all spells.
The spell is quite dangerous to cast (14% risk of failure)!
Continue anyway?
A chill wind blows around you.
* * * LOW HITPOINT WARNING * * *
Unknown command.
Unknown command.
Unknown command.
The mummy misses you.
Your ice beast hits the mummy but does no damage.
Your ice beast completely misses the mummy.
Your magical contamination has completely faded away.
Unknown command.
You hit the mummy.
The mummy is severely damaged.
The mummy closely misses you.
Your ice beast hits the mummy.
Your ice beast freezes the mummy.
The mummy resists.
Unknown command.
You swap places.
The mummy barely misses you. The mummy hits your ice beast.
Your ice beast barely misses the mummy.
Unknown command.
Your ice beast hits the mummy.
Your ice beast freezes the mummy.
The mummy resists.
The mummy is destroyed!
Your Dodging skill increases to level 4!
Unknown command.
You hit the mummy but do no damage.
The mummy is severely damaged.
The mummy hits you!
You die...

#######
#.#.#.#
#.....#
#...#
#.∩.#
#@..#
#.M.#
#Y..#
##+##


You could see a mummy (ally target) and a friendly ice beast (summoned).

Vanquished Creatures
  An ogre (D:4)
  A bullfrog (D:5)
  2 scorpions
  3 hounds (D:4)
  A mummy (D:5)
  2 adders
  2 dart slugs
  5 orcs
  An endoplasm (D:3)
  3 giant cockroaches
  2 goblins
  2 hobgoblins
  2 jackals (D:1)
  6 kobolds
  A quokka (D:3)
  4 ball pythons
  6 bats
  4 frilled lizards
  A hobgoblin zombie (D:5)
  An orc zombie (D:5)
  2 rats (D:3)
52 creatures vanquished.

Vanquished Creatures (collateral kills)
  2 mummies (Ossuary)
2 creatures vanquished.

Grand Total: 54 creatures vanquished

Notes
Turn   | Place    | Note
-------+----------+-------------------------------------------
     0 | D:1      | Hasart the Djinni Ice Elementalist began the quest for the
                  | Orb.
     0 | D:1      | Reached XP level 1. HP: 15/15 MP: 0/0
    35 | D:1      | Reached XP level 2. HP: 4/22 MP: 0/0
  1090 | D:2      | Found a faded altar of an unknown god.
  1222 | D:2      | Noticed Terence
  1294 | D:3      | Reached skill level 1 in Fighting
  1343 | D:3      | Reached XP level 3. HP: 24/27 MP: 0/0
  1343 | D:3      | Learned a level 1 spell: Magic Dart
  1345 | D:3      | Reached skill level 4 in Spellcasting
  2339 | D:4      | Reached skill level 1 in Evocations
  2339 | D:4      | Reached XP level 4. HP: 11/32 MP: 0/0
  2584 | D:4      | Noticed an ogre
  2595 | D:4      | Killed an ogre
  2596 | D:4      | Reached XP level 5. HP: 28/38 MP: 0/0
  2596 | D:4      | Learned a level 2 spell: Passwall
  2773 | D:4      | Reached XP level 6. HP: 41/44 MP: 0/0
  3272 | D:5      | Entered Level 5 of the Dungeon
  3282 | D:5      | Reached skill level 5 in Spellcasting
  3347 | D:5      | Found a sand-covered staircase.
  3400 | Ossuary  | Entered an ossuary
  3413 | Ossuary  | HP: 2/45 [mummy (10)]
  3423 | Ossuary  | Slain by a mummy

Illustrated notes

Levels and vault maps discovered:
D:1:      dpeg_arrival_shrine, layout_loops_ring
D:2:      minmay_chambers_of_twos, layout_basic,
          nicolae_qazlal_scattered_showers,
          chequers_ecumenical_altar_simple_redux, uniq_terence, uniq_sigmund
D:3:      layout_rooms, minmay_mini_jars
D:4:      layout_basic
D:5:      layout_basic, grunt_temple_overflow_open,
          grunt_temple_overflow_diamond, nicolae_ossuary_entry_giza,
          uniq_grinder
Ossuary:  ossuary_minmay_chase

Skill      XL: |  1  2  3  4  5  6 |
---------------+-------------------+-----
Fighting       | 1 2 |  2.8
Spellcasting   | 4 5 |  5.2
Evocations     | 1 2 |  2.5
Dodging        | 3 4 |  4.0
Stealth        | |  1.5

Action                   |  1- 3 |  4- 6 || total
-------------------------+-------+-------++-------
Melee: Short sword       |     7 |    22 ||    29
 Cast: Freeze            |    63 |    25 ||    88
       Magic Dart        |       |     3 ||     3
       Frozen Ramparts   |       |     2 ||     2
       Summon Ice Beast  |       |     3 ||     3
  Use: Potion            |       |     2 ||     2
 Stab: Sleeping          |       |     2 ||     2
Armor: Robe              |    12 |     3 ||    15
Dodge: Dodged            |    43 |    37 ||    80

Table legend: (Time is in decaauts)
 A = Elapsed time spent in this place.
 B = Non-inter-level travel time spent in this place.
 C = Inter-level travel time spent in this place.
 D = Time resting spent in this place.
 E = Time spent auto-exploring this place.
 F = Levels seen in this place.
 G = Mean time per level.
                   A        B        C        D        E       F      G
               +--------+--------+--------+--------+--------+-----+--------+
         Total |   3423 |   3331 |     92 |    491 |   2401 |   6 |  570.5 |
       Dungeon |   3400 |   3308 |     92 |    491 |   2401 |   5 |  680.0 |
       Ossuary |     23 |     23 |      0 |      0 |      0 |   1 |   23.0 |
               +--------+--------+--------+--------+--------+-----+--------+

Top non-repeatable levels by time:
     D:1: 1089 daAuts
     D:3: 1062 daAuts
     D:4: 983 daAuts
     D:2: 135 daAuts
     D:5: 129 daAuts
 Ossuary: 23 daAuts
